 Dungeon Crawl Stone Soup version 0.28.0-45-g0d030f2227 (webtiles) character file.

Game seed: 6813719325818518911

138898 Kziril the Warrior (level 16, -2/131 HPs)
             Began as a Gargoyle Fighter on Apr 20, 2022.
             Was a High Priest of Jiyva.
             Slain by a salamander
             ... wielding a +3 halberd
              (12 damage)
             ... on level 4 of the Snake Pit.
             The game lasted 01:41:51 (22254 turns).

Kziril the Warrior (Gargoyle Fighter)              Turns: 22254, Time: 01:41:52

Health: -2/131     AC: 39    Str: 31    XL:     16   Next: 97%
Magic:  16/16      EV: 13    Int: 15    God:    Jiyva [*****.]
Gold:   1065       SH: 13    Dex: 15    Spells: 15/15 levels left

rFire   . . .      SeeInvis .   F - +3 eveningstar (chaos)
rCold   . . .      Faith    .   Q - +0 kite shield
rNeg    + . .      Spirit   .   D - +0 plate armour
rPois   ∞          Reflect  .   s - +2 helmet
rElec   +          Harm     .   I - +0 cloak
rCorr   +          Rampage  .   b - +0 pair of gloves {Str+3}
Will    ++...      Clarity  +   (no boots)
Stlth   ..........              W - amulet of Vitality {Regen+ HP+15}
HPRegen 2.55/turn               g - +4 ring of evasion
MPRegen 0.60/turn               U - ring "Fogal" {rPois Will+ Str+4 Stlth-}

@: flying
A: sickness immunity, AC +12, big wings, negative energy resistance 1,
electricity resistance, torment resistance 1, petrification resistance,
iridescent scales 1, agile 2, clarity, clever 2, eyeballs 1, gelatinous body 2,
translucent skin 3, tendrils, jelly absorbing missiles, MP-powered wands, engulf
}: 1/15 runes: slimy
a: Renounce Religion, Oozemancy, Slimify


You were on level 4 of the Snake Pit.
You worshipped Jiyva.
Jiyva was extremely pleased with you.
You visited 5 branches of the dungeon, and saw 30 of its levels.

You collected 1065 gold pieces.

Inventory:

Hand Weapons
 F - a +3 eveningstar of chaos (weapon)
Missiles
 A - 5 throwing nets (quivered)
Armour
 b - a +0 pair of gloves of strength (worn)
 s - a +2 helmet (worn)
 D - a +0 plate armour (worn)
 I - a +0 cloak (worn)
 O - quicksilver dragon scales
 P - a +1 tower shield of poison resistance
 Q - a +0 kite shield (worn)
Jewellery
 g - a +4 ring of evasion (left hand)
 n - an amulet of guardian spirit
 E - an amulet of faith
 G - a ring of protection from fire
 H - a ring of protection from cold
 S - the ring of Charity {*Slow AC+4 Str+3 Slay+2}
   (You found it on level 5 of the Pits of Slime)

   [ring of protection]

   AC:        It affects your AC (+4).
   Str:       It affects your strength (+3).
   Slay:      It affects your accuracy & damage with ranged weapons and melee
   (+2).
   *Slow:     It may slow you when you take damage.
 U - the ring "Fogal" (right hand) {rPois Will+ Str+4 Stlth-}
   (You found it on level 5 of the Pits of Slime)

   [ring of poison resistance]

   Str:       It affects your strength (+4).
   rPois:     It protects you from poison.
   Will:      It increases your willpower.
   Stlth:     It makes you less stealthy.
 W - the amulet of Vitality (around neck) {Regen+ HP+15}
   (You found it on level 5 of the Pits of Slime)

   [amulet of regeneration]

   HP:        It affects your health (+15).
   Regen:     It increases your rate of health regeneration.
Wands
 a - a wand of mindburst (8)
 t - a wand of iceblast (23)
 v - a wand of polymorph (2)
 C - a wand of charming (6)
 J - a wand of flame (17)
Scrolls
 f - a scroll of immolation
 j - a scroll of magic mapping
 l - 8 scrolls of identify
 p - 5 scrolls of enchant armour
 q - 3 scrolls of fear
 w - 2 scrolls of vulnerability
 x - 2 scrolls of brand weapon
 y - a scroll of torment {unknown}
 z - 4 scrolls of amnesia
 B - a scroll of teleportation
 L - 2 scrolls of holy word {unknown}
 M - a scroll of summoning {unknown}
 N - a scroll of blinking
Potions
 c - 2 potions of attraction
 d - 3 potions of might
 e - 4 potions of heal wounds
 h - a potion of invisibility
 i - 6 potions of haste
 k - 11 potions of ambrosia
 o - 3 potions of brilliance
 r - 3 potions of mutation
 u - a potion of resistance
 K - 2 potions of flight
Miscellaneous
 m - a phantom mirror
 R - a phial of floods


   Skills:
 * Level 19.0 Fighting
 * Level 16.6 Maces & Flails
 + Level 14.7 Armour
 + Level 14.7 Shields


You had 15 spell levels left.
You didn't know any spells.
Your spell library contained the following spells:

 Spells                   Type           Power      Damage    Failure   Level
 Animate Skeleton         Necr           0%         N/A       94%         1
 Apportation              Tloc           0%         N/A       94%         1
 Beastly Appendage        Tmut           0%         N/A       94%         1
 Pain                     Necr           0%         1d4       94%         1
 Sandblast                Erth           0%         2d4       94%         1
 Slow                     Hex            0%         N/A       94%         1
 Sting                    Tmut/Pois      0%         1d3       94%         1
 Summon Small Mammal      Summ           0%         N/A       94%         1
 Poisonous Vapours        Pois/Air       0%         N/A       98%         2
 Wereblood                Tmut           0%         N/A       98%         2
 Confusing Touch          Hex            0%         N/A       100%        3
 Dazzling Flash           Conj/Hex       0%         N/A       100%        3
 Portal Projectile        Hex/Tloc       0%         N/A       100%        3
 Spider Form              Tmut/Pois      0%         N/A       100%        3
 Stone Arrow              Conj/Erth      0%         3d7       100%        3
 Vampiric Draining        Necr           0%         2d6       100%        3
 Iskenderun's Mystic Bla  Conj/Tloc      0%         2d3       100%        4
 Leda's Liquefaction      Hex/Erth       0%         N/A       100%        4
 Olgreb's Toxic Radiance  Pois           0%         N/A       100%        4
 Blade Hands              Tmut           0%         N/A       100%        5
 Borgnjor's Vile Clutch   Necr/Erth      0%         N/A       100%        5
 Excruciating Wounds      Necr           0%         N/A       100%        5
 Fireball                 Conj/Fire      0%         3d3       100%        5
 Death Channel            Necr           0%         N/A       100%        6
 Starburst                Conj/Fire      0%         6d3       100%        6
 Ozocubu's Refrigeration  Ice            0%         4d5       100%        7
 Ignition                 Fire           0%         3d3       100%        8
 Statue Form              Tmut/Erth      Unusable   N/A       N/A         6

Dungeon Overview and Level Annotations

Branches:
Dungeon (14/15)            Temple (1/1) D:7            Lair (6/6) D:9
  Swamp (0/4) Lair:2        Snake (4/4) Lair:2        Slime (5/5) Lair:5
    Orc (0/2) D:10         Vaults (0/5) D:13

Altars:
Gozag
Vehumet
Wu Jian
Jiyva
Lugonu

Shops:
D:5 :   D:14 :[   Snake:1 ([[*[   Snake:2 (   Snake:3 *

Portals:
Abyss: Lair:6

Annotations:
Slime:5 Royal Jelly


Innate Abilities, Weirdness & Mutations

You are immune to sickness and miasma.
Your stone body is resilient. (AC +12)
You are immune to poison.
Your large and strong wings let you fly.
You resist negative energy. (rN+)
You are resistant to electric shocks. (rElec)
You are resistant to unholy torment.
You are immune to petrification.
You are partially covered in iridescent scales. (AC +2)
You are very agile. (Dex +4)
You possess an exceptional clarity of mind.
Your mind is very acute. (Int +4)
Your body has grown eyes which may confuse attackers. (Acc +3)
Your pliable body absorbs attacks. (AC +2, EV +2)
Your transparent skin significantly reduces your foes' accuracy. (Stealth+)
You are covered in slimy tendrils that may disarm your opponents.
You have a small jelly attached to you that may absorb projectiles.
You expend magic power (3 MP) to strengthen your wands.
Your melee attacks may engulf your foes in ooze.


Message History

The salamander hits you but does no damage.
You block the salamander's attack.
The salamander hits you with a +3 halberd!!
You are engulfed in flames!
You hear a distant slurping noise.
You block the naga warrior's attack. The naga warrior grabs you.
The naga warrior constricts you.
You barely miss the salamander.
The salamander is moderately wounded.
The salamander barely misses you. The salamander hits you.
You are engulfed in flames!
You block the salamander's attack.
The guardian serpent hits you but does no damage.
A naga comes into view. It is wielding a +0 short sword.
The naga warrior's grasp on you weakens, but your attempt to escape fails.
The naga warrior spits poison at you.
The splash of poison hits you but does no damage.
You resist. The naga warrior constricts you.
You block the guardian serpent's attack.
You block the salamander's attack.
The salamander hits you but does no damage.
The salamander hits you with a +3 halberd!!
You are engulfed in flames!
You hear a distant slurping noise.
You escape the naga warrior's grasp.
The guardian serpent hits you but does no damage.
You block the salamander's attack. The guardian serpent misses you.
There is a stone staircase leading up, spattered with blood here.
Items here: )))))).
Unknown command.
You block the guardian serpent's attack.
You hear a slurping noise.
You block the salamander's attack.
The salamander hits you from afar with a +0 trident!!
* * * LOW HITPOINT WARNING * * *
You are engulfed in flames!
* * * LOW HITPOINT WARNING * * *
The salamander hits you from afar with a +3 halberd.
* * * LOW HITPOINT WARNING * * *
You are engulfed in flames!
You die...

#..........#
#..........#
#..........# #####
#..[<......# #(..#
###........## #...#
#...........#
######N..###.J.........#
......N))[†).J.....J(..#
######NN@###...........#
.......S)).............#
##.N.....####.........##
#.##...## .........## #
###.. ........./ ...
......... #### .......


You could see a naga warrior (catching breath), 3 salamanders, a guardian
serpent, a naga and 2 neutral jellies(fellow slime).

Vanquished Creatures
  Nikola (Snake:3)
  Mlioglotl (Snake:1)
  A quicksilver dragon (Snake:3)
  The ghost of Silk the Fighter, an adept TrHu of Makhleb (Snake:3)
  Roxanne (Snake:2)
  Aizul (Snake:3)
  Louise (Snake:3)
  Nessos (Lair:6)
  Snorg (Lair:2)
  Harold (D:10)
  8 hydras
  A vault guard (D:13)
  7 naga warriors
  Fannar (Lair:3)
  A salamander tyrant (Snake:3)
  3 tengu warriors
  Erica (D:8)
  6 two-headed ogres
  4 centaur warriors
  6 death yaks (Lair:6)
  8 anacondas
  13 naga sharpshooters
  9 shock serpents
  4 thrashing horrors (Lair:6)
  Sonja (Lair:5)
  3 salamander mystics
  A bog body (Lair:2)
  A lindwurm (Lair:5)
  An obsidian statue (Snake:3)
  5 naga ritualists
  A lindwurm (shapeshifter) (Lair:6)
  3 ugly things
  An oklob plant (Lair:2)
  4 cyclopes
  2 wolf spiders (Lair:6)
  9 mana vipers
  2 manticores
  6 elephants (Lair:6)
  9 salamanders
  20 black mambas
  6 guardian serpents
  16 naga magi
  A torpor snail (Lair:6)
  A gargoyle (D:8)
  An unseen horror (D:12)
  10 cane toads
  3 komodo dragons
  A kobold demonologist (D:7)
  2 rime drakes
  3 ancient zymes (Lair:6)
  A queen bee (Lair:3)
  2 polar bears
  A troll (D:9)
  2 hornets
  31 blink frogs
  3 ynoxinuls (Lair:6)
  5 wraiths
  66 yaks
  2 wyverns
  A spriggan (Lair:6)
  A vampire (D:7)
  2 large abominations (Lair:6)
  4 basilisks
  Grum (D:10)
  3 steam dragons
  A chaos spawn (Lair:6)
  A swamp worm (Lair:2)
  39 nagas
  A two-headed ogre zombie (D:10)
  7 acid dragons
  6 water moccasins
  Duvessa (D:5)
  An ice beast (D:7)
  3 orc warriors
  5 black bears
  2 ogres (D:5)
  19 wolves
  9 centaurs
  A phantom (D:10)
  4 kobold brigands
  7 bullfrogs
  11 small abominations (Lair:6)
  A wyvern zombie (D:8)
  A water moccasin zombie (D:6)
  Dowan (D:5)
  A troll zombie (D:10)
  22 killer bees
  3 howler monkeys
  11 wights
  4 electric eels (Lair:2)
  4 hounds
  4 lava snakes (Lair:2)
  3 centaur zombies
  6 orc priests
  2 gnoll shamans
  An iguana (D:4)
  Terence (D:3)
  7 hell rats (Lair:4)
  6 orc wizards
  2 killer bee zombies
  6 ogre zombies (D:10)
  2 hound skeletons (D:4)
  A howler monkey zombie (D:9)
  Robin (D:4)
  5 gnolls
  6 adders
  4 shadow imps
  2 white imps (D:8)
  3 worms (D:3)
  3 dart slugs
  26 orcs
  7 ball pythons
  6 endoplasms (D:1)
  2 giant cockroaches
  11 goblins
  6 hobgoblins
  6 jackals (D:1)
  14 kobolds
  4 quokkas
  6 bats
  2 frilled lizards
  A goblin skeleton (D:10)
  A goblin zombie (D:10)
  2 hobgoblin skeletons (D:10)
  2 hobgoblin zombies (D:10)
  3 orc skeletons (D:10)
  7 orc zombies (D:10)
  11 rats
668 creatures vanquished.

Vanquished Creatures (collateral kills)
  A naga warrior (Snake:3)
  Urug (D:10)
  A deep elf pyromancer (D:12)
  A cyclops (D:7)
  An unseen horror (D:7)
  A wraith (D:7)
  An ogre (D:7)
  A bullfrog (D:7)
  A howler monkey (D:7)
9 creatures vanquished.

Vanquished Creatures (others)
  Vashnia (Snake:3)
  A naga sharpshooter (Snake:3)
  A salamander (Snake:3)
  A naga mage (Snake:2)
  2 black mambas
  A komodo dragon (Lair:1)
  A troll (D:7)
  A shadow (D:7)
  A wraith (D:11)
  3 yaks
  A basilisk (Lair:6)
  A steam dragon (D:7)
  Menkaure (D:7)
  2 nagas
  3 water moccasins
  A sky beast (D:7)
  A floating eye (shapeshifter) (Lair:6)
  A black bear (D:7)
  A centaur (D:4)
  A phantom (D:10)
  2 bullfrogs
  A kobold brigand (D:8)
  A gnoll sergeant (D:11)
  A scorpion (Lair:2)
  A water moccasin zombie (D:6)
  7 killer bees
  A wight (D:7)
  A bullfrog skeleton (D:4)
  118 jellies
  An orc priest (D:7)
  A centaur skeleton (D:7)
  2 orc wizards
  A killer bee zombie (D:7)
  3 gnolls (D:11)
  An adder (D:3)
  A white imp (D:7)
  A worm (D:3)
  A dart slug (D:4)
  12 orcs
  3 endoplasms
  5 goblins
  3 hobgoblins
  A bat (D:2)
  A goblin zombie (D:10)
  A hobgoblin skeleton (D:10)
  2 hobgoblin zombies (D:10)
  7 kobolds
  An orc skeleton (D:10)
  4 orc zombies (D:10)
  A butterfly (Lair:1)
  101 fungi
  136 plants
449 creatures vanquished.

Grand Total: 1126 creatures vanquished

Notes
Turn   | Place    | Note
-------+----------+-------------------------------------------
     0 | D:1      | Kziril the Gargoyle Fighter began the quest for the Orb.
     0 | D:1      | Reached XP level 1. HP: 14/14 MP: 1/1
   273 | D:1      | Reached XP level 2. HP: 19/19 MP: 2/2
   505 | D:1      | Reached XP level 3. HP: 23/23 MP: 3/3
   509 | D:1      | Found a faded altar of an unknown god.
  1233 | D:1      | Prayed at the altar of an unknown god.
  1233 | D:1      | Became a worshipper of Jiyva Joffuj the Shapeless
  1233 | D:1      | Reached * piety under Jiyva
  1340 | D:2      | Reached XP level 4. HP: 29/29 MP: 4/4
  1410 | D:2      | Found an ornate altar of the Wu Jian Council.
  1580 | D:3      | Reached ** piety under Jiyva
  1676 | D:3      | Reached skill level 4 in Fighting
  1802 | D:3      | Got the Almanac of the World
  2326 | D:3      | Noticed Terence
  2342 | D:3      | Killed Terence
  2343 | D:3      | Reached XP level 5. HP: 33/33 MP: 5/5
  2349 | D:3      | Reached *** piety under Jiyva
  2357 | D:3      | Gained mutation: Your mind is acute. (Int +2) [Jiyva's
                  | grace]
  2357 | D:3      | Gained mutation: Your mind is very acute. (Int +4) [Jiyva's
                  | grace]
  2357 | D:3      | Gained mutation: Your rubbery body absorbs attacks. (AC +1,
                  | EV +1) [Jiyva's grace]
  2357 | D:3      | Gained mutation: Your pliable body absorbs attacks. (AC +2,
                  | EV +2) [Jiyva's grace]
  2616 | D:4      | Noticed Robin
  2690 | D:4      | Reached XP level 6. HP: 39/39 MP: 6/6
  2769 | D:5      | Entered Level 5 of the Dungeon
  2850 | D:4      | Killed Robin
  3004 | D:4      | Noticed a black bear
  3013 | D:4      | Killed a black bear
  3101 | D:4      | Reached skill level 5 in Fighting
  3101 | D:4      | Reached skill level 5 in Armour
  3101 | D:4      | Reached skill level 5 in Shields
  3309 | D:5      | Reached XP level 7. HP: 38/44 MP: 5/7
  3395 | D:6      | Reached **** piety under Jiyva
  3814 | D:6      | Noticed Dowan
  3814 | D:6      | Noticed Duvessa
  3957 | D:5      | Found Qozoh's Book Emporium.
  4149 | D:5      | Killed Dowan
  4156 | D:5      | Killed Duvessa
  4157 | D:5      | Reached XP level 8. HP: 29/51 MP: 5/8
  4213 | D:6      | Identified the +8 spear of Gozag's Regard {speed, Int+4
                  | Dex+2}
  4254 | D:6      | Reached skill level 6 in Fighting
  4254 | D:6      | Reached skill level 5 in Maces & Flails
  4345 | D:6      | Found a radiant altar of Vehumet.
  4351 | D:6      | Reached ***** piety under Jiyva
  4372 | D:6      | Gained mutation: You have sharp toenails. [Jiyva's grace]
  4372 | D:6      | Gained mutation: You have razor-sharp toenails. [Jiyva's
                  | grace]
  4372 | D:6      | Gained mutation: You have claws for feet. [Jiyva's grace]
  4372 | D:6      | Gained mutation: You have hidden genetic potential.
                  | [Jiyva's grace]
  4847 | D:7      | Noticed a troll
  4857 | D:7      | Killed Menkaure
  4860 | D:7      | Noticed a kobold demonologist
  4873 | D:7      | Killed a troll
  4877 | D:7      | Killed an unseen horror
  4878 | D:7      | Noticed a cyclops
  4880 | D:7      | Noticed a wraith
  4901 | D:7      | Noticed a cyclops
  4907 | D:7      | Killed a wraith
  4908 | D:7      | Reached skill level 7 in Fighting
  4908 | D:7      | Reached XP level 9. HP: 42/57 MP: 7/9
  4913 | D:7      | Killed a cyclops
  4924 | D:7      | Gained mutation: You are partially covered in iridescent
                  | scales. (AC +2) [hidden potential]
  4933 | D:7      | Killed a kobold demonologist
  4942 | D:7      | Killed a cyclops
  4962 | D:7      | Reached skill level 8 in Fighting
  5183 | D:7      | Found a staircase to the Ecumenical Temple.
  5190 | Temple   | Entered the Ecumenical Temple
  5218 | D:7      | Reached XP level 10. HP: 63/64 MP: 10/10
  5230 | D:8      | Noticed Erica
  5792 | D:8      | Gained mutation: Your spells are a little harder to cast,
                  | but a little more powerful. [hidden potential]
  5792 | D:8      | Lost mutation: You have hidden genetic potential. [hidden
                  | potential expressed]
  5952 | D:8      | Reached skill level 9 in Fighting
  6018 | D:8      | Noticed a centaur warrior
  6032 | D:8      | Killed a centaur warrior
  6038 | D:8      | Noticed a manticore
  6049 | D:8      | Killed a manticore
  6050 | D:8      | Reached skill level 10 in Fighting
  6181 | D:8      | Reached XP level 11. HP: 73/73 MP: 11/11
  6388 | D:8      | Lost mutation: You have claws for feet. [Jiyva's grace]
  6388 | D:8      | Lost mutation: Your mind is very acute. (Int +4) [Jiyva's
                  | grace]
  6388 | D:8      | Lost mutation: Your pliable body absorbs attacks. (AC +2,
                  | EV +2) [Jiyva's grace]
  6388 | D:8      | Gained mutation: Your translucent skin slightly reduces
                  | your foes' accuracy. (Stealth+) [Jiyva's grace]
  6388 | D:8      | Gained mutation: Your translucent skin reduces your foes'
                  | accuracy. (Stealth+) [Jiyva's grace]
  6388 | D:8      | Gained mutation: Your transparent skin significantly
                  | reduces your foes' accuracy. (Stealth+) [Jiyva's grace]
  6388 | D:8      | Gained mutation: You have sharp fingernails. [Jiyva's
                  | grace]
  6470 | D:8      | Killed Erica
  6957 | D:9      | Identified the +5 dagger of Zin's Outrage {freeze, Str+6
                  | Int-2 SInv}
  6996 | D:9      | Reached ****** piety under Jiyva
  7038 | D:9      | Noticed a two-headed ogre
  7049 | D:9      | Killed a two-headed ogre
  7059 | D:10     | Entered Level 10 of the Dungeon
  7059 | D:10     | Noticed Urug
  7071 | D:9      | Reached skill level 11 in Fighting
  7370 | D:9      | Found a staircase to the Lair.
  7641 | D:9      | Noticed a two-headed ogre
  7674 | D:9      | Killed a two-headed ogre
  8100 | D:10     | Killed Urug
  8101 | D:10     | Reached skill level 10 in Armour
  8101 | D:10     | Reached skill level 10 in Shields
  8225 | D:10     | Noticed Harold
  8230 | D:10     | Noticed a two-headed ogre
  8277 | Lair:1   | Entered Level 1 of the Lair of Beasts
  8343 | D:10     | Killed a two-headed ogre
  8362 | D:10     | Killed Harold
  8379 | D:10     | Noticed Grum
  8401 | D:10     | Killed Grum
  8474 | D:10     | Reached skill level 12 in Fighting
  8606 | D:10     | Found a staircase to the Orcish Mines.
  8759 | D:10     | Reached XP level 12. HP: 78/81 MP: 10/12
  8963 | D:11     | Lost mutation: You are partially covered in iridescent
                  | scales. (AC +2) [Jiyva's grace]
  8963 | D:11     | Lost mutation: Your transparent skin significantly reduces
                  | your foes' accuracy. (Stealth+) [Jiyva's grace]
  8963 | D:11     | Gained mutation: Your melee attacks may engulf your foes in
                  | ooze. [Jiyva's grace]
  8963 | D:11     | Gained mutation: You have a small jelly attached to you
                  | that may absorb projectiles. [Jiyva's grace]
  8963 | D:11     | Gained mutation: You are somewhat resistant to further
                  | mutation. [Jiyva's grace]
  8963 | D:11     | Gained mutation: You are somewhat resistant to both further
                  | mutation and mutation removal. [Jiyva's grace]
  9203 | D:11     | Reached skill level 10 in Maces & Flails
  9782 | D:12     | Noticed a two-headed ogre
  9790 | D:12     | Killed a two-headed ogre
  9804 | D:12     | Noticed a centaur warrior
  9872 | D:13     | Noticed a four-headed hydra
  9881 | D:12     | Killed a four-headed hydra
  9945 | D:12     | Noticed a tengu warrior
  9945 | D:12     | Noticed a tengu warrior
  9964 | D:12     | Killed a tengu warrior
 10002 | D:12     | Killed a tengu warrior
 10003 | D:12     | Reached skill level 13 in Fighting
 10011 | D:12     | Killed a centaur warrior
 10166 | D:12     | Noticed a two-headed ogre
 10173 | D:12     | Killed a two-headed ogre
 10352 | D:12     | Lost mutation: You have sharp fingernails. [Jiyva's grace]
 10352 | D:12     | Lost mutation: You have razor-sharp toenails. [Jiyva's
                  | grace]
 10352 | D:12     | Lost mutation: You are somewhat resistant to both further
                  | mutation and mutation removal. [Jiyva's grace]
 10352 | D:12     | Lost mutation: Your translucent skin reduces your foes'
                  | accuracy. (Stealth+) [Jiyva's grace]
 10352 | D:12     | Lost mutation: Your translucent skin slightly reduces your
                  | foes' accuracy. (Stealth+) [Jiyva's grace]
 10352 | D:12     | Lost mutation: Your melee attacks may engulf your foes in
                  | ooze. [Jiyva's grace]
 10352 | D:12     | Gained mutation: You have acidic saliva. [Jiyva's grace]
 10352 | D:12     | Gained mutation: You have a small jelly attached to you
                  | that senses nearby items. [Jiyva's grace]
 10352 | D:12     | Gained mutation: You are covered in slimy tendrils that may
                  | disarm your opponents. [Jiyva's grace]
 10352 | D:12     | Gained mutation: Your pliable body absorbs attacks. (AC +2,
                  | EV +2) [Jiyva's grace]
 10566 | D:14     | Found Cotiaf's Book Boutique.
 10672 | D:13     | Noticed a two-headed ogre
 10681 | D:13     | Killed a two-headed ogre
 10699 | D:14     | Found Zenyhuaf's Armour Shoppe.
 10752 | D:13     | Noticed a six-headed hydra
 10756 | D:13     | Noticed a centaur warrior
 10759 | D:13     | Killed a six-headed hydra
 10760 | D:13     | Reached XP level 13. HP: 66/89 MP: 10/13
 10763 | D:13     | Noticed a vault guard
 10773 | D:13     | Killed a vault guard
 10775 | D:13     | Reached skill level 14 in Fighting
 10798 | D:13     | Found a gate to the Vaults.
 12152 | Lair:2   | Lost mutation: You have sharp toenails. [Jiyva's grace]
 12152 | Lair:2   | Lost mutation: You are somewhat resistant to further
                  | mutation. [Jiyva's grace]
 12152 | Lair:2   | Lost mutation: Your spells are a little harder to cast, but
                  | a little more powerful. [Jiyva's grace]
 12152 | Lair:2   | Lost mutation: You have a small jelly attached to you that
                  | may absorb projectiles. [Jiyva's grace]
 12152 | Lair:2   | Gained mutation: You possess an exceptional clarity of
                  | mind. [Jiyva's grace]
 12152 | Lair:2   | Gained mutation: Your melee attacks may engulf your foes in
                  | ooze. [Jiyva's grace]
 12152 | Lair:2   | Gained mutation: You are somewhat resistant to further
                  | mutation. [Jiyva's grace]
 12152 | Lair:2   | Gained mutation: You are somewhat resistant to both further
                  | mutation and mutation removal. [Jiyva's grace]
 12399 | Lair:2   | Found a staircase to the Swamp.
 12674 | Lair:2   | Found a staircase to the Snake Pit.
 13040 | Lair:3   | Noticed Snorg
 13070 | Lair:2   | Killed Snorg
 13387 | Lair:3   | Reached skill level 15 in Fighting
 13609 | Lair:3   | Noticed Fannar
 13629 | Lair:3   | Killed Fannar
 13630 | Lair:3   | Gained mutation: Your large and strong wings let you fly.
                  | [Gargoyle growth]
 13630 | Lair:3   | Reached XP level 14. HP: 76/98 MP: 12/14
 14089 | Lair:3   | Lost mutation: You have a small jelly attached to you that
                  | senses nearby items. [Jiyva's grace]
 14089 | Lair:3   | Gained mutation: Your mind is very acute. (Int +4) [Jiyva's
                  | grace]
 14089 | Lair:3   | Gained mutation: Your gelatinous body deflects attacks. (AC
                  | +3, EV +3) [Jiyva's grace]
 14089 | Lair:3   | Gained mutation: Your body has grown eyes which may confuse
                  | attackers. (Acc +3) [Jiyva's grace]
 14089 | Lair:3   | Gained mutation: Your body has grown many eyes which may
                  | confuse attackers. (Acc +5) [Jiyva's grace]
 14969 | Lair:5   | Found a staircase to the Slime Pits.
 15017 | Lair:5   | Noticed Sonja
 15062 | Lair:5   | Killed Sonja
 15423 | Lair:5   | Lost mutation: Your body has grown many eyes which may
                  | confuse attackers. (Acc +5) [Jiyva's grace]
 15423 | Lair:5   | Gained mutation: Your translucent skin slightly reduces
                  | your foes' accuracy. (Stealth+) [Jiyva's grace]
 15423 | Lair:5   | Gained mutation: Your translucent skin reduces your foes'
                  | accuracy. (Stealth+) [Jiyva's grace]
 15423 | Lair:5   | Gained mutation: Your transparent skin significantly
                  | reduces your foes' accuracy. (Stealth+) [Jiyva's grace]
 15423 | Lair:5   | Gained mutation: You are partially covered in iridescent
                  | scales. (AC +2) [Jiyva's grace]
 15997 | Slime:1  | Entered Level 1 of the Pits of Slime
 16012 | Slime:1  | Noticed an azure jelly
 16022 | Slime:1  | Noticed an acid blob
 16107 | Slime:1  | Noticed a rockslime
 16271 | Slime:2  | Noticed an acid blob
 16271 | Slime:2  | Noticed a rockslime
 16284 | Slime:2  | Noticed an azure jelly
 16405 | Slime:3  | Noticed an azure jelly
 16441 | Slime:3  | Noticed an acid blob
 16488 | Slime:3  | Noticed an acid blob
 16537 | Slime:4  | Noticed a quicksilver ooze
 16538 | Slime:4  | Noticed an acid blob
 16577 | Slime:4  | Noticed an azure jelly
 16583 | Slime:4  | Noticed an azure jelly
 16589 | Slime:4  | Noticed an acid blob
 16761 | Slime:5  | Entered Level 5 of the Pits of Slime
 16761 | Slime:5  | Noticed a rockslime
 16837 | Slime:5  | Noticed an azure jelly
 16852 | Slime:5  | Noticed an acid blob
 16855 | Slime:5  | Noticed a quicksilver ooze
 16863 | Slime:5  | Noticed an azure jelly
 16874 | Slime:5  | Noticed an acid blob
 16916 | Slime:5  | Noticed an acid blob
 16932 | Slime:5  | Noticed an acid blob
 16938 | Slime:5  | Noticed an acid blob
 16954 | Slime:5  | Noticed an azure jelly
 16962 | Slime:5  | Noticed the Royal Jelly
 16963 | Slime:5  | Found a viscous altar of Jiyva.
 16964 | Slime:5  | Noticed an acid blob
 16969 | Slime:5  | Got a slimy rune of Zot
 16978 | Slime:5  | Identified the ring of Charity {*Slow AC+4 Str+3 Slay+2}
 16980 | Slime:5  | Identified the +10 dagger "Hivimuox" {drain, rF+ Will+
                  | Dex+4}
 16989 | Slime:5  | Identified the ring "Fogal" {rPois Will+ Str+4 Stlth-}
 16997 | Slime:5  | Found the amulet of Vitality {Regen+ HP+15}
 16998 | Slime:5  | Identified the +9 longbow of Dust {vorpal, rPois rCorr
                  | Int+4 Dex-2}
 17031 | Slime:5  | Noticed an acid blob
 17045 | Slime:5  | Noticed a quicksilver ooze
 17147 | Lair:6   | Entered Level 6 of the Lair of Beasts
 17426 | Lair:6   | Reached skill level 16 in Fighting
 17859 | Lair:6   | Noticed Nessos
 17879 | Lair:6   | Killed Nessos
 17995 | Lair:6   | Reached XP level 15. HP: 105/105 MP: 15/15
 18310 | Lair:6   | Identified the +5 shortbow of Valour {speed, Int+6}
 18347 | Lair:6   | Found a corrupted altar of Lugonu.
 18347 | Lair:6   | Found a one-way gate to the infinite horrors of the Abyss.
 18861 | Snake:1  | Entered Level 1 of the Snake Pit
 18961 | Snake:2  | Lost mutation: You are somewhat resistant to both further
                  | mutation and mutation removal. [Jiyva's grace]
 18961 | Snake:2  | Lost mutation: You have acidic saliva. [Jiyva's grace]
 18961 | Snake:2  | Lost mutation: Your gelatinous body deflects attacks. (AC
                  | +3, EV +3) [Jiyva's grace]
 18961 | Snake:2  | Lost mutation: You are covered in slimy tendrils that may
                  | disarm your opponents. [Jiyva's grace]
 18961 | Snake:2  | Gained mutation: You have a small jelly attached to you
                  | that may absorb projectiles. [Jiyva's grace]
 18961 | Snake:2  | Gained mutation: You are agile. (Dex +2) [Jiyva's grace]
 18961 | Snake:2  | Gained mutation: You are very agile. (Dex +4) [Jiyva's
                  | grace]
 18961 | Snake:2  | Gained mutation: You expend magic power (3 MP) to
                  | strengthen your wands. [Jiyva's grace]
 18995 | Snake:1  | Found Foakyum's Armour Shop.
 18999 | Snake:1  | Reached skill level 17 in Fighting
 19155 | Snake:1  | Found Fysutan's Antique Weapon Boutique.
 19241 | Snake:1  | Found Cikhoqot's Armour Shop.
 19334 | Snake:1  | Found Lulum's General Store.
 19345 | Snake:1  | Noticed Mlioglotl
 19368 | Snake:1  | Killed Mlioglotl
 19676 | Snake:1  | Found Maevurph's Armour Shoppe.
 19844 | Snake:2  | Reached skill level 15 in Maces & Flails
 19941 | Snake:2  | Identified Roxanne's Volume of Stones
 19941 | Snake:2  | Noticed Roxanne
 19959 | Snake:2  | Killed Roxanne
 20134 | Snake:2  | Found Xeanemn's Antique Weapon Emporium.
 20456 | Snake:3  | Reached XP level 16. HP: 114/114 MP: 16/16
 20497 | Snake:3  | Found a runed translucent gate.
 20498 | Snake:3  | Found a runed translucent gate.
 20499 | Snake:3  | Found a runed translucent gate.
 20500 | Snake:3  | Found an opulent altar of Gozag.
 20501 | Snake:3  | Found Ycloref's Assorted Antiques.
 20502 | Snake:3  | Noticed Silk's ghost (adept TrHu)
 20511 | Snake:3  | Noticed Nikola
 20524 | Snake:3  | Killed Nikola
 20687 | Snake:3  | Reached skill level 18 in Fighting
 20962 | Snake:3  | Noticed Aizul
 20978 | Snake:3  | Killed Aizul
 21206 | Snake:4  | Entered Level 4 of the Snake Pit
 21207 | Snake:4  | Noticed Vashnia
 21347 | Snake:3  | Killed Silk's ghost
 21462 | Snake:4  | Noticed Louise
 21474 | Snake:3  | Killed Louise
 21727 | Snake:4  | Lost mutation: You are partially covered in iridescent
                  | scales. (AC +2) [Jiyva's grace]
 21727 | Snake:4  | Lost mutation: Your mind is very acute. (Int +4) [Jiyva's
                  | grace]
 21727 | Snake:4  | Lost mutation: You are somewhat resistant to further
                  | mutation. [Jiyva's grace]
 21727 | Snake:4  | Lost mutation: Your melee attacks may engulf your foes in
                  | ooze. [Jiyva's grace]
 21727 | Snake:4  | Gained mutation: You are covered in slimy tendrils that may
                  | disarm your opponents. [Jiyva's grace]
 21727 | Snake:4  | Gained mutation: Your mind is very acute. (Int +4) [Jiyva's
                  | grace]
 21727 | Snake:4  | Gained mutation: Your melee attacks may engulf your foes in
                  | ooze. [Jiyva's grace]
 21727 | Snake:4  | Gained mutation: You are partially covered in iridescent
                  | scales. (AC +2) [Jiyva's grace]
 21876 | Snake:4  | Noticed a nagaraja
 21950 | Snake:3  | Slimified a nagaraja
 21950 | Snake:3  | Noticed an azure jelly
 21950 | Snake:3  | a nagaraja changed into an azure jelly
 22089 | Snake:4  | Noticed a quicksilver dragon
 22142 | Snake:3  | Killed a quicksilver dragon
 22188 | Snake:3  | Killed Vashnia
 22243 | Snake:4  | Reached skill level 19 in Fighting
 22254 | Snake:4  | Slain by a salamander

Illustrated notes

Levels and vault maps discovered:
D:1:      dpeg_arrival_lava_temple_mockup, layout_loops_ring,
          dreamdust_ecumenical_altar_statues
D:2:      layout_basic, basic_altar
D:3:      layout_basic, uniq_terence
D:4:      layout_cave_pools, minmay_misc_feat_secret_circle,
          kennysheep_generic_room_14, uniq_robin
D:5:      layout_cave_pods, serial_shops, nicolae_shop_statue_plus
D:6:      layout_loops_ring, kennysheep_mini, uniq_duvessa
D:7:      layout_cave_pools, minmay_temple_entry_junction_2,
          amcnicky_mini_pool_small, minmay_the_grid_2x2 [minmay_the_grid_x,
          minmay_the_grid_expand, minmay_the_grid_gridbox,
          minmay_the_grid_prize_big_room], uniq_menkaure
D:8:      minmay_imperfect_grid, layout_layer_cave, enter_bailey_2, uniq_erica
D:9:      minmay_razor_zed, layout_basic
D:10:     layout_cave_pools, zombieorc2_lemuel, uniq_harold, uniq_urug,
          uniq_grum
D:11:     layout_loops_ring, kennysheep_dice
D:12:     layout_stronghold
D:13:     layout_loops_cross, david_vaults_5
D:14:     layout_cave_pools, serial_shops, nicolae_shop_trees,
          nicolae_stop_n_shop_2, nicolae_shop_behind_doors, shop,
          nicolae_shop_competitors_out_of_business
Temple:   mainiacjoe_temple_hex_bubbles
Lair:1:   layout_regular_city, lemuel_fruit_fields, grunt_megastairs_5,
          lemuel_fruit_tree
Lair:2:   layout_chaotic_city, nicolae_swamp_entry_splash_gauntlet,
          guppyfry_snake_entry_garden, serial_bayou_pond_d,
          minmay_lair_oklob_items, wad_woods_road_01, nicolae_lair_liquid_snakes
Lair:3:   layout_cave_pods, special_room [special_room_bee], st_stairs_9,
          serial_bayou_shore_b, uniq_fannar, uniq_snorg
Lair:4:   layout_cave_pods
Lair:5:   layout_cave_pods, nicolae_slime_entry_slimehenge,
          guppyfry_lair_drakes, uniq_sonja
Lair:6:   hellmonk_lair_end_abyssal_woods, layout_regular_city,
          nicolae_lair_run_with_the_wolves, uniq_nessos
Snake:1:  layout_basic, serial_shops, shop, shop, nicolae_shop_trees,
          nicolae_shop_hallway_plus, nicolae_shop_hallway_plus,
          grunt_ministairs_6, st_stairs_12, serial_bayou_shore_b,
          grunt_megastairs_3, uniq_mlioglotl
Snake:2:  layout_rooms, serial_shops, nicolae_shop_waterfront, uniq_roxanne
Snake:3:  layout_concentric_octagons, ebering_ghost_gozag, uniq_nikola,
          uniq_aizul
Snake:4:  hellmonk_snake_rune_quicksilver_temple, layout_rooms, uniq_vashnia,
          uniq_louise
Slime:1:  layout_caves, cheibrodos_slime_lost_civilization_5
Slime:2:  layout_caves, basic_altar, uniq_dissolution
Slime:3:  layout_caves, dissolution_awaits
Slime:4:  layout_caves
Slime:5

Skill      XL: |  1  2  3  4  5  6  7  8  9 10 11 12 13 14 15 16 |
---------------+-------------------------------------------------+-----
Armour         | 4 5 7 8 9 10 11 12 13 14 | 14.7
Fighting       | 4 5 7 8 10 12 13 15 16 17 19 | 19.0
Shields        | 4 5 7 8 9 10 11 12 13 14 | 14.7
Maces & Flails | 3 4 6 7 8 9 11 12 14 15 16 | 16.6

Action                   |  1- 3 |  4- 6 |  7- 9 | 10-12 | 13-15 | 16-18 || total
-------------------------+-------+-------+-------+-------+-------+-------++-------
Melee: Flail             |   120 |   212 |   208 |   329 |       |       ||   869
       Kick              |       |       |    39 |   272 |    34 |       ||   345
       Eveningstar       |       |       |       |   265 |  1220 |   465 ||  1950
       Whip              |       |       |       |   102 |       |       ||   102
       Mace              |       |       |       |    36 |       |       ||    36
       Bite              |       |       |       |    11 |   143 |       ||   154
Invok: Oozemancy         |       |       |       |       |     1 |     2 ||     3
       Slimify           |       |       |       |       |     1 |     2 ||     3
Evoke: Wand              |       |       |       |     3 |     4 |     1 ||     8
  Use: Scroll            |       |       |       |       |    16 |       ||    16
       Potion            |       |       |       |       |     1 |     1 ||     2
 Stab: Confused          |       |       |       |       |    14 |     4 ||    18
       Paralysed         |       |       |       |       |       |     2 ||     2
       Distracted        |       |       |       |       |       |     1 ||     1
Armor: Scale mail        |    77 |   104 |    20 |       |       |       ||   201
       Chain mail        |       |       |    94 |   117 |       |       ||   211
       Plate armour      |       |       |       |   300 |   647 |   279 ||  1226
Dodge: Dodged            |    68 |   165 |   136 |   389 |   703 |   301 ||  1762
Block: Buckler           |    22 |    54 |    50 |   187 |       |       ||   313
       Kite shield       |       |       |       |    71 |   828 |   380 ||  1279
